 Dungeon Crawl Stone Soup version 0.19.0-2-gae57169 (webtiles) character file.

375 Alarkh the Grave Robber (level 6, -9/41 HPs)
             Began as a Mummy Necromancer on Nov 6, 2016.
             Mangled by equalderp2856's ghost (16 damage)
             ... on level 4 of the Dungeon.
             The game lasted 00:07:53 (3727 turns).

Alarkh the Grave Robber (Mummy Necromancer)         Turns: 3727, Time: 00:07:54

Health: -9/41      AC: 11    Str: 11    XL:     6   Next: 44%
Magic:  13/13      EV: 11    Int: 17    God:
Gold:   251        SH:  0    Dex: 12    Spells: 2 memorised, 10 levels left

rFire  x . .     SeeInvis .     f - +0 mace (curse)
rCold  + . .     Gourm    .     j - +3 leather armour {rN+}
rNeg   + + +     Faith    .     (no shield)
rPois  ∞         Spirit   .     (no helmet)
rElec  .         Reflect  .     m - +2 cloak (curse)
rCorr  .         Harm     .     k - +1 pair of gloves (curse)
MR     .....                    (no boots)
Stlth  +.........               (no amulet)
                                (no ring)
                                (no ring)

@: very slow
A: no food or potions, fire vulnerability, cold resistance 1, negative energy
resistance 3, torment resistance, unbreathing
a: no special abilities


You were on level 4 of the Dungeon.
You were not hungry.

You visited 1 branch of the dungeon, and saw 4 of its levels.

You collected 251 gold pieces.

Inventory:

Hand Weapons
 f - a cursed +0 mace (weapon)
Armour
 j - a +3 leather armour of positive energy (worn)
 k - a cursed +1 pair of gloves (worn)
 l - a +2 shield
 m - a cursed +2 cloak (worn)
 n - a +1 cloak
Wands
 a - a wand of random effects (1/48)
Scrolls
 c - a scroll of teleportation
 d - a scroll of random uselessness
 e - a scroll of identify
 g - a scroll of fog
 h - 3 scrolls of amnesia
 i - a scroll of enchant weapon
 o - a scroll of remove curse
Books
 b - a book of Necromancy

   Spells                             Type                      Level
   a - Pain                           Necromancy                   1
   b - Animate Skeleton               Necromancy                   1
   c - Vampiric Draining              Necromancy                   3
   d - Regeneration                   Charms/Necromancy            3
   e - Animate Dead                   Necromancy                   4
   f - Control Undead                 Necromancy                   4


   Skills:
 - Level 1.5 Dodging
 - Level 1.5 Stealth
 + Level 4.7 Spellcasting
 + Level 6.1 Necromancy


You had 10 spell levels left.
You knew the following spells:

 Your Spells              Type           Power        Failure   Level  Hunger
a - Pain                  Necr           ####         1%          1    N/A
b - Vampiric Draining     Necr           ####......   6%          3    N/A

Dungeon Overview and Level Annotations

Branches:
Dungeon (4/15)
 Temple: D:4-7

Altars:
Cheibriados
Dithmenos
Elyvilon
Fedhas
Makhleb
Nemelex Xobeh
Okawaru
Qazlal
Uskayaw
Vehumet
Yredelemnul

Annotations:
D:4 equalderp2856's ghost, amateur FeFi


Innate Abilities, Weirdness & Mutations

You do not eat or drink.
Your flesh is vulnerable to fire.
You are immune to poison.
Your flesh is cold resistant. (rC+)
You are immune to negative energy. (rN+++)
You are immune to unholy pain and torment.
You can survive without breathing.


Message History

Equalderp2856's ghost blinks!
You enter the shallow water.
Moving in this stuff is going to be slow.
Equalderp2856's ghost hits you! Equalderp2856's ghost hits you.
Equalderp2856's ghost wails.
Equalderp2856's ghost hits you!
* * * LOW HITPOINT WARNING * * *
Equalderp2856's ghost mumbles some strange words.
Equalderp2856's ghost blinks!
Equalderp2856's ghost mumbles some strange words.
Equalderp2856's ghost blinks!
Equalderp2856's ghost casts a spell.
Equalderp2856's ghost blinks!
Equalderp2856's ghost barely misses you.
Equalderp2856's ghost hits you but does no damage.
Equalderp2856's ghost makes a sound of rattling chains.
Equalderp2856's ghost hits you.
* * * LOW HITPOINT WARNING * * *
Equalderp2856's ghost hits you!
You die...

#)#..#####...#.......# #
......<......#..####.# #
.....####.#..#..####.#
......(##............#
....^#.##.#..#..#######
#.#..#.##.#.....>.....####
###.............##...##≈≈####≈
#.##.##.####..##....≈≈≈≈≈≈≈≈≈
#.##.##.# #..@W..###≈≈####≈≈
#. ...!.......##### ####
####..........# ####.####...
#.# ### .#


You could see equalderp2856's ghost.

Vanquished Creatures
  Sigmund (D:3)
  A bullfrog skeleton (D:3)
  Jessica (D:2)
  Ijyb (D:2)
  5 adders
  An ooze (D:2)
  A dart slug (D:2)
  3 leopard geckos
  An orc (D:4)
  6 bats
  7 giant cockroaches
  9 goblins
  6 hobgoblins
  15 jackals
  6 kobolds
  2 quokkas (D:2)
  5 frilled lizards
  A jackal skeleton (D:4)
  6 rats
78 creatures vanquished.

Notes
Turn   | Place    | Note
-------+----------+-------------------------------------------
     0 | D:1      | Alarkh the Mummy Necromancer began the quest for the Orb.
     0 | D:1      | Reached XP level 1. HP: 13/13 MP: 3/3
   185 | D:1      | Reached XP level 2. HP: 18/19 MP: 1/5
   756 | D:1      | Reached XP level 3. HP: 24/24 MP: 5/7
   761 | D:1      | Learned a level 3 spell: Vampiric Draining
  1214 | D:2      | Noticed Jessica
  1217 | D:2      | Killed Jessica
  1292 | D:2      | Reached XP level 4. HP: 30/30 MP: 5/8
  1506 | D:2      | Reached skill level 5 in Necromancy
  1697 | D:2      | Found a blossoming altar of Fedhas.
  1859 | D:3      | Noticed Ijyb
  1912 | D:2      | Killed Ijyb
  1912 | D:2      | Reached XP level 5. HP: 12/35 MP: 0/10
  2166 | D:3      | Found a hide-covered altar of Uskayaw.
  2480 | D:3      | Noticed Sigmund
  2859 | D:3      | Killed Sigmund
  2859 | D:3      | Reached skill level 6 in Necromancy
  2859 | D:3      | Reached XP level 6. HP: 38/41 MP: 7/12
  2940 | D:3      | Found a faded altar of an unknown god.
  2940 | D:3      | Found a white marble altar of Elyvilon.
  2947 | D:3      | Found a stormy altar of Qazlal.
  2950 | D:3      | Found a faded altar of an unknown god.
  2952 | D:3      | Found a radiant altar of Vehumet.
  2962 | D:3      | Became a worshipper of Cheibriados the Contemplative
  2962 | D:3      | Reached * piety under Cheibriados
  2969 | D:3      | Fell from the grace of Cheibriados
  2969 | D:3      | Became a worshipper of Makhleb the Destroyer
  2969 | D:3      | Reached * piety under Makhleb
  2969 | D:3      | Fell from the grace of Makhleb
  3412 | D:4      | Noticed equalderp2856's ghost (amateur FeFi)
  3414 | D:4      | Found a sparkling altar of Nemelex Xobeh.
  3414 | D:4      | Found a basalt altar of Yredelemnul.
  3471 | D:4      | Found a shadowy altar of Dithmenos.
  3570 | D:4      | Found an iron altar of Okawaru.
  3727 | D:4      | Mangled by equalderp2856's ghost

Skill      XL: |  1  2  3  4  5 |
---------------+----------------+-----
Spellcasting   | 3 4 |  4.7
Necromancy     | 5 6 |  6.1
Dodging        | |  1.5
Stealth        | |  1.5

Action                   |  1- 3 |  4- 6 || total
-------------------------+-------+-------++-------
Melee: Mace              |    13 |    57 ||    70
 Cast: Pain              |    64 |    89 ||   153
Invok: Renounce Religion |       |     1 ||     1
Evoke: Wand              |       |     4 ||     4
  Use: Scroll            |     1 |     6 ||     7
 Stab: Sleeping          |     1 |     1 ||     2
Armor: Robe              |     6 |    15 ||    21
       Leather armour    |       |    20 ||    20
Dodge: Dodged            |    24 |    75 ||    99
